 Dungeon Crawl Stone Soup version 0.20.0-6-gd3061e9 (webtiles) character file.

2183 Hasart the Thaumaturge (level 9, 0/61 HPs)
             Began as a Mummy Necromancer on May 28, 2017.
             Was an Initiate of Gozag.
             Slain by barbarian's ghost (12 damage)
             ... on level 7 of the Dungeon.
             The game lasted 00:28:07 (10567 turns).

Hasart the Thaumaturge (Mummy Necromancer)         Turns: 10567, Time: 00:28:08

Health: 0/61       AC:  3    Str: 11      XL:     9   Next: 11%
Magic:  8/23       EV: 13    Int: 18      God:    Gozag
Gold:   789        SH:  0    Dex: 10 (12) Spells: 13/28 levels left

rFire    x . .     SeeInvis +   k - +3 mace (protect)
rCold    + . .     Gourm    .   (no shield)
rNeg     + + +     Faith    .   a - +0 robe
rPois    ∞         Spirit   .   (no helmet)
rElec    .         Reflect  .   (no cloak)
rCorr    .         Harm     .   (no gloves)
MR       +....                  g - +0 pair of boots
Stlth    +.........             (no amulet)
Regen    0.2/turn               l - ring of see invisible
MPRegen  0.2/turn               (no ring)

@: gold aura, drained
A: no food or potions, fire vulnerability, cold resistance 1, negative energy
resistance 3, torment resistance, unbreathing
a: Potion Petition, Call Merchant, Bribe Branch, Renounce Religion


You were on level 7 of the Dungeon.
You worshipped Gozag.
Gozag was pleased with you.
You were not hungry.

You visited 1 branch of the dungeon, and saw 7 of its levels.

You collected 852 gold pieces.
You paid 63 gold pieces to Gozag.

Inventory:

Hand Weapons
 k - a +3 mace of protection (weapon)
Armour
 a - a +0 robe (worn)
 g - a +0 pair of boots (worn)
 r - the +3 chain mail of Sif Muna's Hatred {+Fly rC+ Regen+ Int+3}
   (You found it on level 6 of the Dungeon)

   It affects your intelligence (+3).
   It protects you from cold.
   It lets you fly.
   It increases your rate of regeneration.
Jewellery
 l - a ring of see invisible (left hand)
Scrolls
 c - 4 scrolls of remove curse
 d - a scroll of immolation {unknown}
 e - a scroll of amnesia
 f - 5 scrolls of teleportation
 h - a scroll of identify
 m - 3 scrolls of enchant weapon
Books
 b - a book of Necromancy

   Spells                             Type                      Level
   a - Pain                           Necromancy                   1
   b - Animate Skeleton               Necromancy                   1
   c - Vampiric Draining              Necromancy                   3
   d - Regeneration                   Charms/Necromancy            3
   e - Animate Dead                   Necromancy                   4
   f - Control Undead                 Necromancy                   4
 i - a book of Cantrips

   Spells                             Type                      Level
   a - Confusing Touch                Hexes                        1
   b - Animate Skeleton               Necromancy                   1
   c - Summon Small Mammal            Summoning                    1
   d - Apportation                    Translocation                1
 n - Onygruac's Catalogue of Confrontation and Dark Rites
   (You found it on level 5 of the Dungeon)

   Spells                             Type                      Level
   a - Magic Dart                     Conjuration                  1
   b - Throw Frost                    Conjuration/Ice              2
   c - Sublimation of Blood           Necromancy                   2
   d - Iskenderun's Mystic Blast      Conjuration                  4
   e - Bolt of Draining               Conjuration/Necromancy       5
 o - a book of Frost

   Spells                             Type                      Level
   a - Freeze                         Ice                          1
   b - Throw Frost                    Conjuration/Ice              2
   c - Ozocubu's Armour               Charms/Ice                   3
   d - Throw Icicle                   Conjuration/Ice              4
   e - Summon Ice Beast               Ice/Summoning                4
 q - a book of Flames

   Spells                             Type                      Level
   a - Flame Tongue                   Conjuration/Fire             1
   b - Throw Flame                    Conjuration/Fire             2
   c - Conjure Flame                  Conjuration/Fire             3
   d - Inner Flame                    Hexes/Fire                   3
   e - Sticky Flame                   Conjuration/Fire             4
   f - Fireball                       Conjuration/Fire             5


   Skills:
 + Level 2.0(1.3) Fighting
 - Level 5.0(4.2) Dodging
 - Level 1.5(0.8) Stealth
 * Level 10.3(9.4) Spellcasting
 + Level 1.2(0.5) Conjurations
 + Level 7.0(6.2) Necromancy


You had 13 spell levels left.
You knew the following spells:

 Your Spells              Type           Power        Failure   Level  Hunger
a - Pain                  Necr           ####         1%          1    N/A
b - Animate Skeleton      Necr           N/A          1%          1    N/A
c - Vampiric Draining     Necr           ####......   1%          3    N/A
d - Apportation           Tloc           #.....       9%          1    N/A
e - Control Undead        Necr           ####......   6%          4    N/A
f - Bolt of Draining      Conj/Necr      ###.......   50%         5    N/A

Dungeon Overview and Level Annotations

Branches:
Dungeon (7/15)             Temple (0/1) D:7

Altars:
Ashenzari
Gozag
Okawaru
Qazlal
Sif Muna
Xom
Yredelemnul
Zin
The Shining One

Annotations:
D:5 Apogee's ghost, novice DsTm; Ijyb
D:7 barbarian's ghost, novice DDFi


Innate Abilities, Weirdness & Mutations

You do not eat or drink.
Your flesh is vulnerable to fire.
You are immune to poison.
Your flesh is cold resistant. (rC+)
You are immune to negative energy. (rN+++)
You are immune to unholy pain and torment.
You can survive without breathing.


Message History

Barbarian's ghost hits you. The centaur hits you.
Casting: Vampiric Draining
Confirm with . or Enter, or press ? or * to list all spells.
Aiming: Vampiric Draining
Press: ? - help, Shift-Dir - straight line, f/p - centaur
Aim: a centaur (heavily wounded)
The centaur is almost dead.
You feel life coursing into your body. The centaur closely misses you.
Barbarian's ghost hits you!
* * * LOW HITPOINT WARNING * * *
x2
Casting: Vampiric Draining
Confirm with . or Enter, or press ? or * to list all spells.
Aiming: Vampiric Draining
Press: ? - help, Shift-Dir - straight line, f/p - centaur
Aim: a centaur (almost dead)
You kill the centaur!
Your base Necromancy skill increases to level 7!
You feel life coursing into your body. Barbarian's ghost hits you!
You die...
Your body crumbles into a pile of gold.

#####.....#.##...≈#...# ....
#....#.>(........≈##.##≈..#.
#.##....#....#...≈≈($≈≈≈....
#....#..#....#.....(......#.
........#....####.(.##......
##.#.............(..........
#.##########.###.#.###..#..
#.#####....#...$W#... ..# Y
#.......##.#...@##......#
#######.##......+.......#
#..........###.....
#...........# .....
#......##...# #......##...#
... .. #......###### .#.##
.. #...........# ..#..# #.≈
#...........######.##.##.≈♣


You could see barbarian's ghost.

Vanquished Creatures
  Grinder (D:3)
  A sky beast (D:7)
  An orc warrior (D:6)
  A centaur (D:7)
  5 ogres
  A bullfrog (D:7)
  A centaur zombie (D:6)
  A crimson imp (D:6)
  A quasit (D:6)
  A bullfrog zombie (D:6)
  An orc priest (D:4)
  2 hounds
  A gnoll shaman (D:2)
  A bullfrog skeleton (D:3)
  2 orc wizards (D:7)
  A centaur skeleton (D:4)
  4 worker ants
  Natasha (D:3)
  A hound zombie (D:5)
  44 gnolls
  11 adders
  An ooze (D:3)
  An adder skeleton (D:6)
  2 dart slugs
  4 worms
  6 leopard geckos
  21 orcs
  3 ball pythons
  5 bats
  9 giant cockroaches
  A gnoll zombie (D:4)
  8 hobgoblins
  26 jackals
  12 kobolds
  3 quokkas
  11 frilled lizards
  17 goblins
  A jackal skeleton (D:4)
  A leopard gecko skeleton (D:6)
  9 rats
224 creatures vanquished.

Vanquished Creatures (collateral kills)
  A gnoll zombie (D:4)
1 creature vanquished.

Grand Total: 225 creatures vanquished

Notes
Turn   | Place    | Note
-------+----------+-------------------------------------------
     0 | D:1      | Hasart the Mummy Necromancer began the quest for the Orb.
     0 | D:1      | Reached XP level 1. HP: 13/13 MP: 4/4
     6 | D:1      | Learned a level 1 spell: Animate Skeleton
   177 | D:1      | Reached skill level 3 in Spellcasting
   211 | D:1      | Reached XP level 2. HP: 19/19 MP: 4/6
   897 | D:1      | Reached XP level 3. HP: 24/24 MP: 4/8
  1142 | D:2      | Found a shattered altar of Ashenzari.
  1168 | D:2      | Learned a level 3 spell: Vampiric Draining
  1180 | D:2      | Reached skill level 4 in Spellcasting
  1433 | D:2      | Reached XP level 4. HP: 28/30 MP: 3/10
  1946 | D:3      | Learned a level 1 spell: Apportation
  2370 | D:3      | Reached skill level 5 in Spellcasting
  2370 | D:3      | Reached XP level 5. HP: 11/35 MP: 5/12
  3366 | D:2      | Reached skill level 5 in Necromancy
  3547 | D:2      | Reached XP level 6. HP: 41/41 MP: 9/14
  3611 | D:3      | Learned a level 4 spell: Control Undead
  3985 | D:3      | Noticed Grinder
  4011 | D:3      | Paralysed by Grinder for 4 turns
  4173 | D:4      | Found an iron altar of Okawaru.
  4311 | D:4      | Reached skill level 6 in Spellcasting
  4562 | D:4      | Found a shimmering altar of Xom.
  4719 | D:4      | Found a basalt altar of Yredelemnul.
  4843 | D:4      | Found a glowing golden altar of the Shining One.
  4928 | D:4      | Reached XP level 7. HP: 24/46 MP: 2/16
  5269 | D:5      | Entered Level 5 of the Dungeon
  5479 | D:5      | Reached skill level 7 in Spellcasting
  5561 | D:5      | Identified Onygruac's Catalogue of Confrontation and Dark Rites
  5694 | D:5      | Found an opulent altar of Gozag.
  5699 | D:5      | Became a worshipper of Gozag Ym Sagoz the Greedy
  5785 | D:5      | Noticed Apogee's ghost (novice DsTm)
  5787 | D:5      | Noticed Ijyb
  6131 | D:4      | HP: 2/46 [centaur skeleton (7)]
  6505 | D:3      | Paralysed by Grinder for 2 turns
  6536 | D:3      | Paralysed by Grinder for 2 turns
  6545 | D:3      | Killed Grinder
  6545 | D:3      | Reached skill level 8 in Spellcasting
  6723 | D:3      | Reached XP level 8. HP: 40/52 MP: 15/20
  6856 | D:3      | Noticed Natasha
  6876 | D:3      | Killed Natasha
  7328 | D:3      | Reached skill level 9 in Spellcasting
  8630 | D:6      | Learned a level 5 spell: Bolt of Draining
  8649 | D:6      | Found a stormy altar of Qazlal.
  8935 | D:6      | Reached skill level 5 in Dodging
  9222 | D:6      | Got a steaming chain mail
  9223 | D:6      | Identified the +3 chain mail of Sif Muna's Hatred {+Fly rC+ Regen+ Int+3} (You found it on level 6 of the Dungeon)
  9259 | D:6      | Reached skill level 1 in Fighting
  9426 | D:6      | Reached skill level 10 in Spellcasting
  9840 | D:6      | Found a deep blue altar of Sif Muna.
  9898 | D:7      | Reached skill level 1 in Conjurations
  9898 | D:7      | Reached XP level 9. HP: 40/59 MP: 15/23
 10011 | D:7      | Noticed barbarian's ghost (novice DDFi)
 10350 | D:7      | Found a staircase to the Ecumenical Temple.
 10433 | D:7      | Found a glowing silver altar of Zin.
 10567 | D:7      | Slain by barbarian's ghost

Skill      XL: |  1  2  3  4  5  6  7  8  9 |
---------------+----------------------------+-----
Spellcasting   | 3 4 5 6 8 10 | 10.3
Dodging        | 2 3 4 5 |  5.0
Necromancy     | 5 6 7 |  7.0
Fighting       | 1 2 |  2.0
Conjurations   | 1 |  1.2
Stealth        | |  1.5

Action                   |  1- 3 |  4- 6 |  7- 9 || total
-------------------------+-------+-------+-------++-------
Melee: Club              |     9 |       |       ||     9
       Dagger            |    16 |   114 |       ||   130
       Short sword       |       |    78 |   328 ||   406
       Mace              |       |       |    27 ||    27
 Cast: Pain              |    67 |    72 |   146 ||   285
       Vampiric Draining |       |     6 |    20 ||    26
       Animate Skeleton  |       |     5 |       ||     5
       Control Undead    |       |     1 |     1 ||     2
Invok: Potion Petition   |       |       |     1 ||     1
  Use: Scroll            |       |     5 |     3 ||     8
 Stab: Sleeping          |     1 |     4 |     2 ||     7
       Distracted        |       |     1 |     5 ||     6
Armor: Robe              |    17 |    46 |    81 ||   144
       Chain mail        |       |       |     1 ||     1
Dodge: Dodged            |    35 |   156 |   307 ||   498
